 Dungeon Crawl Stone Soup version 0.16-a0-2063-g87d9768 (webtiles) character file.

90428 Sixotanaka the Devastator (level 15, -6/72 HPs)
             Began as a Deep Elf Fire Elementalist on Nov 12, 2014.
             Was the Champion of Vehumet.
             Mangled by an orc warrior
             ... wielding a cursed +0 war axe
              (18 damage)
             ... on level 14 of the Dungeon on Nov 13, 2014.
             The game lasted 03:14:53 (40382 turns).

Sixotanaka the Devastator (DEFE)                   Turns: 40382, Time: 03:14:53

Health: -6/72      AC: 10    Str:  7    XL:     15   Next: 52%
Magic:  17/39      EV: 17    Int: 25    God:    Vehumet [******]
Gold:   1489       SH:  0    Dex: 12    Spells: 11 memorised, 14 levels left

rFire  + . .     SeeInvis .     R - staff of earth {!a}
rCold  + . .     Clarity  .     a - +0 robe
rNeg   . . .     SustAb   .     (no shield)
rPois  .         Gourm    +     (no helmet)
rElec  .         Spirit   .     F - +3 cloak "Untox" {rC+}
rCorr  .         Warding  .     M - +0 pair of gloves
rMut   .         Stasis   .     n - +2 pair of boots
MR     +....                    Q - amulet of the gourmand
Stlth  ++........               Y - ring of protection from fire
                                B - -3 ring of dexterity (curse)

@: very slightly contaminated, hasted, repel missiles, very quick, somewhat
resistant to hostile enchantments, unstealthy
A: spit poison 1, wild magic 1
a: Spit Poison, Renounce Religion


You were on level 14 of the Dungeon.
You worshipped Vehumet.
Vehumet was exalted by your worship.
You were very full.

You visited 3 branches of the dungeon, and saw 24 of its levels.
You also visited: Sewer.

You collected 1489 gold pieces.


Innate Abilities, Weirdness & Mutations

You can spit poison.
Your spells are a little harder to cast, but a little more powerful.


   Skills:
 - Level 10.0 Dodging
 - Level 2.5 Stealth
 + Level 15.9 Spellcasting
 - Level 19.4 Conjurations
 - Level 10.4 Charms
 + Level 13.6 Fire Magic


You had 14 spell levels left.
You knew the following spells:

 Your Spells              Type           Power        Failure   Level  Hunger
b - Blink                 Tloc           N/A          13%         2    None
c - Sticky Flame          Conj/Fire      ########     1%          4    None
d - Repel Missiles        Chrm/Air       ####..       2%          2    None
e - Apportation           Tloc           ####......   9%          1    None
g - Regeneration          Chrm/Necr      ######....   3%          3    None
h - Haste                 Chrm           #######.     16%         6    ####...
u - Delayed Fireball      Conj/Fire      N/A          13%         7    ######.
v - Fireball              Conj/Fire      ########..   1%          5    #......
x - Throw Flame           Conj/Fire      ######       1%          2    None
y - Stone Arrow           Conj/Erth      ######       1%          3    None
z - Flame Tongue          Conj/Fire      #####        1%          1    None


Dungeon Overview and Level Annotations

Branches:
Dungeon (15/15)            Temple (1/1) D:6            Lair (8/8) D:8
  Swamp (0/5) Lair:5        Snake (0/5) Lair:3        Slime (0/6) Lair:7
    Orc: D:9-12      Vaults: D:13-14     Depths: D:15

Altars:
Ashenzari
Cheibriados
Dithmenos
Elyvilon
Fedhas
Gozag
Kikubaaqudgha
Makhleb
Nemelex Xobeh
Okawaru
Qazlal
Ru
Sif Muna
Trog
Vehumet
Xom
Yredelemnul
Zin
The Shining One

Shops:
D:7 *   D:12 %   D:13 (

Annotations:
D:3 Fiveotanaka's ghost, average OgBe
D:10 chequers' ghost, powerful TrMo
D:14 Rupert
Lair:7 exclusion: downstairs

Inventory:

Hand weapons
 I - a +1 blowgun
Missiles
 l - 4 throwing nets (quivered)
 D - 6 javelins
 J - 53 poisoned needles
Armour
 a - a +0 robe (worn)
 b - a +0 buckler
 n - a +2 pair of boots (worn)
 F - the +3 cloak "Untox" (worn) {rC+}
   (You found it on level 4 of the Lair of Beasts)

   It protects you from cold.
 M - a +0 pair of gloves (worn)
Magical staves
 R - an uncursed staff of earth (weapon) {!a}
Jewellery
 g - an uncursed amulet of regeneration
 y - an uncursed ring of protection from magic
 B - a cursed -3 ring of dexterity (left hand)
 K - an uncursed ring of sustain abilities
 L - an uncursed ring of wizardry
 Q - an amulet of the gourmand (around neck)
 S - an uncursed ring of teleportation
 Y - a ring of protection from fire (right hand)
 Z - an uncursed ring of positive energy
Magical devices
 q - a wand of paralysis (4)
 C - a wand of heal wounds (9) {@v2}
 P - a wand of digging (16)
 W - a wand of draining (5)
Scrolls
 d - a scroll of remove curse {@r2}
 f - 2 scrolls of fog
 j - a scroll of teleportation {@r4}
 k - 5 scrolls of blinking
 m - a scroll of magic mapping
 s - 2 scrolls of amnesia
 v - a scroll of enchant armour
 N - a scroll of fear
Potions
 e - 7 potions of restore abilities
 i - 8 potions of agility
 p - 10 potions of curing {@q1}
 r - 3 potions of brilliance
 w - 2 potions of lignification {!q}
 x - a potion of flight {unknown}
 z - 2 potions of cancellation
 A - 2 potions of heal wounds {@q2}
 E - a potion of porridge
 G - a potion of haste {@q3}
 H - a potion of berserk rage {unknown}
 O - a potion of resistance {unknown}
 T - a potion of cure mutation {unknown}
 U - a potion of might {unknown}
 V - 3 potions of mutation {unknown}
Comestibles
 c - 5 bread rations
 h - a slice of pizza
 o - 3 meat rations
 t - 15 fruits
 u - a beef jerky

#################
##......<........##
##........[........##
##..........<...:....#
##...........(.........
##........[.............
##....(..o..../..........
##.......@###.....(.......
##........## ##............
##...).....# #............
##..........## ##............
##............###............#
#...........................##
............................#
.................)..........##
.....................###.....#


You could see an orc warrior.


Message History

Press: ? - help, Shift-Dir - straight line, p - wizard The fireball explodes!
The fireball engulfs the orc.
You kill the orc!
Vehumet accepts your kill.
You feel your power returning.
The fireball engulfs the wizard.
You kill the wizard!
Vehumet accepts your kill.
You feel your power returning.
An orc comes into view. It is wielding a glowing dagger.
Casting: Fireball
Confirm with . or Enter, or press ? or * to list all spells.
Aiming: Fireball
Press: ? - help, Shift-Dir - straight line
Okay, then.
Casting: Fireball
Confirm with . or Enter, or press ? or * to list all spells.
Aiming: Sticky Flame
Press: ? - help, Shift-Dir - straight line, f - orc
Aim: an orc, wielding a dagger and wearing a shiny chain mail The sticky flame hits the orc.
You kill the orc!
Vehumet accepts your kill.
You feel your power returning.
An orc wizard and an orc knight come into view.
Casting: Sticky Flame
Confirm with . or Enter, or press ? or * to list all spells.
Aiming: Sticky Flame
Press: ? - help, Shift-Dir - straight line, f - orc
Aim: an orc, wielding a flail and wearing a ring mail The sticky flame hits the orc.
You kill the orc!
Vehumet accepts your kill.
You feel your power returning.
Use which ability? (? or * to list)
You can't do that.
Use which ability? (? or * to list)
Okay, then.
b - a buckler The orc warrior drinks a potion.
The orc warrior seems to speed up.
The orc knight roars a battlecry!
The orc warrior goes into a battle-frenzy!
The orc warrior hits you with a war axe!!
The orc knight roars a battlecry!
The orcs go into a battle-frenzy!
There is a stone staircase leading up, spattered with blood here.
The orc warrior hits you with a war axe!
The orc knight roars a battlecry!
You climb upwards.
Level annotation: Rupert
There is a stone staircase leading down here.
Casting: Sticky Flame
Confirm with . or Enter, or press ? or * to list all spells.
Aiming: Haste
Press: ? - help, Shift-Dir - straight line, f - you You feel yourself speed up.
You are very lightly contaminated with residual magic.
The orc warrior closely misses you.
The orc warrior hits you with a war axe!!
* * * LOW HITPOINT WARNING * * *
Casting: Haste
Confirm with . or Enter, or press ? or * to list all spells.
You miscast Blink.
Nothing appears to happen.
The orc warrior hits you with a war axe!
* * * LOW HITPOINT WARNING * * *
Things that are here:
a plate armour; a runed great sword
There is a stone staircase leading up, spattered with blood here.
The orc warrior hits you with a war axe!!
You die...

Action                   |  1- 3 |  4- 6 |  7- 9 | 10-12 | 13-15 || total
-------------------------+-------+-------+-------+-------+-------++-------
Melee: Unarmed           |     2 |       |       |       |       ||     2
       Short sword       |     7 |     3 |       |       |       ||    10
       Quarterstaff      |       |       |    38 |    91 |       ||   129
       Staff             |       |       |       |    20 |     1 ||    21
Throw: Throwing net      |       |       |       |       |     1 ||     1
 Cast: Flame Tongue      |    43 |    88 |   200 |   165 |   268 ||   764
       Throw Flame       |    13 |    75 |    99 |   144 |   146 ||   477
       Sticky Flame      |       |     2 |    30 |    43 |   167 ||   242
       Fireball          |       |       |    20 |    81 |   294 ||   395
       Stone Arrow       |       |       |     2 |    90 |   176 ||   268
       Repel Missiles    |       |       |       |     1 |     2 ||     3
       Haste             |       |       |       |       |    18 ||    18
       Apportation       |       |       |       |       |     2 ||     2
       Regeneration      |       |       |       |       |     9 ||     9
       Delayed Fireball  |       |       |       |       |     3 ||     3
       Blink             |       |       |       |       |     1 ||     1
 Abil: Release Delayed F |       |       |       |       |     3 ||     3
Evoke: Wand              |       |       |       |       |     6 ||     6
  Use: Potion            |     1 |       |     1 |     3 |     6 ||    11
       Scroll            |       |     1 |     5 |    22 |    11 ||    39
 Stab: Sleeping          |     1 |       |       |       |       ||     1
       Confused          |       |       |     1 |       |       ||     1
  Eat: Chunk             |     4 |    11 |    27 |    21 |    73 ||   136
       Beef jerky        |       |     1 |     1 |     6 |     1 ||     9
       Meat ration       |       |       |     1 |     3 |     1 ||     5
       Royal jelly       |       |       |     1 |       |     1 ||     2
       Fruit             |       |       |       |     2 |     2 ||     4
       Pizza             |       |       |       |     1 |       ||     1
       Bread ration      |       |       |       |     2 |     3 ||     5

Vault maps used:
D:1:      sevenhm_arrival_forest_fort_large_1, serial_forest,
          infiniplex_forest_lined_2, infiniplex_forest_straight_4,
          infiniplex_forest_straight_2, infiniplex_forest_clump_small,
          nemelex_deck
D:2:      first_bread, uniq_sigmund
D:4:      lemuel_castle_with_subvaults, uniq_crazy_yiuf_cottage
D:5:      grunt_gozag_breadcrumbs, portal_sewer_entry_b
D:6:      minmay_temple_entry_statues_pillars
D:7:      overflow_temple_1_default, serial_shops, shop, grunt_ogre_cave
D:8:      nicolae_overflow_hidden_temple, lightli_temple_of_fire,
          minmay_lair_entry_lava, hex_medium
D:9:      lemuel_doored_altar, kennysheep_mini_moat, minitemple,
          hangedman_abyss_or_decor_passed, serial_park_tiny_1
D:10:     erik_orc_1, basic_altar, uniq_erica
D:11:     fedhas_altar_decomposition
D:12:     basic_altar, serial_shops, shop
D:13:     serial_shops, shop_fountains
D:14:     david_vaults_2, minmay_misc_feat_nine_boxes, uniq_rupert, uniq_maud,
          uniq_fannar
D:15:     hangedman_depths_entry_try_elsewhere_first, minivault_26,
          statue_in_the_mist_lemuel
Temple:   temple_island_7
Lair:1:   lemuel_fruit_fields, lemuel_fruit_fields, uniq_nergalle
Lair:2:   basic_altar, lemuel_fruit_fields, uniq_harold
Lair:3:   beast_lair_carwin_large_4, minmay_snake_entry_guardpost_medium,
          serial_bayou_shore_b, uniq_snorg
Lair:5:   swamp_mist, serial_forest, infiniplex_forest_clump_large,
          infiniplex_forest_clump_long, infiniplex_forest_lined_2,
          infiniplex_forest_3_way, infiniplex_forest_corner_2,
          infiniplex_forest_straight_1, infiniplex_forest_clump_curved,
          infiniplex_forest_split, infiniplex_forest_straight_4,
          infiniplex_forest_clump_cross
Lair:6:   infiniplex_staircase_pool, grunt_megastairs_2
Lair:7:   cheibrodos_magma_flow, minmay_slime_entry_oklob_enclosed,
          lemuel_fruit_fields
Lair:8:   minmay_lair_end_frog_pond, serial_bayou_lagoon_a,
          infiniplex_staircase_pool_2
Sewer:    sewer_kobolds

Notes
Turn   | Place    | Note
--------------------------------------------------------------
     0 | D:1      | Sixotanaka, the Deep Elf Fire Elementalist, began the quest for the Orb.
     0 | D:1      | Reached XP level 1. HP: 10/10 MP: 5/5
   137 | D:1      | Found a sparkling altar of Nemelex Xobeh.
   574 | D:1      | Reached skill level 2 in Conjurations
   618 | D:1      | Reached XP level 2. HP: 15/15 MP: 6/8
  1021 | D:2      | Noticed Sigmund
  1140 | D:2      | Learned a level 2 spell: Throw Flame
  1174 | D:2      | Reached skill level 3 in Conjurations
  1174 | D:2      | Reached XP level 3. HP: 19/19 MP: 2/10
  1453 | D:1      | Reached skill level 4 in Conjurations
  2007 | D:3      | Reached XP level 4. HP: 24/24 MP: 3/13
  2245 | D:3      | Learned a level 4 spell: Sticky Flame
  2489 | D:3      | HP: 3/24 [something (4)]
  2789 | D:3      | Noticed Fiveotanaka's ghost (average OgBe)
  3202 | D:4      | Reached skill level 5 in Conjurations
  3439 | D:4      | Reached XP level 5. HP: 28/28 MP: 11/16
  3535 | D:4      | Reached skill level 4 in Fire Magic
  3952 | D:4      | Reached skill level 5 in Fire Magic
  4080 | D:4      | Reached XP level 6. HP: 26/32 MP: 12/18
  4517 | D:4      | Reached skill level 6 in Fire Magic
  4937 | D:4      | Reached skill level 6 in Conjurations
  5034 | D:4      | Reached XP level 7. HP: 36/36 MP: 5/20
  5317 | D:4      | Reached skill level 7 in Conjurations
  5608 | D:4      | Noticed Crazy Yiuf
  5618 | D:4      | Killed Crazy Yiuf
  5751 | D:5      | Entered Level 5 of the Dungeon
  5986 | D:5      | Reached skill level 8 in Conjurations
  6103 | D:5      | Found a glowing drain.
  6133 | Sewer    | Entered a sewer
  6315 | Sewer    | Reached XP level 8. HP: 41/41 MP: 10/21
  6333 | Sewer    | Found a white marble altar of Elyvilon.
  6502 | D:5      | Found an opulent altar of Gozag.
  6573 | D:5      | Reached skill level 9 in Conjurations
  7196 | D:6      | Found a staircase to the Ecumenical Temple.
  7204 | Temple   | Entered the Ecumenical Temple
  7435 | D:6      | Learned a level 5 spell: Fireball
  7510 | D:6      | Reached skill level 10 in Conjurations
  8000 | D:6      | Reached skill level 11 in Conjurations
  8349 | D:6      | Reached XP level 9. HP: 34/45 MP: 13/22
  8687 | D:6      | Reached skill level 12 in Conjurations
  8988 | D:7      | Found Ema Xama's Assorted Antiques.
  9012 | D:7      | Reached skill level 4 in Spellcasting
  9199 | D:7      | Reached skill level 5 in Spellcasting
  9207 | D:7      | Reached skill level 6 in Spellcasting
  9219 | D:7      | HP: 11/45 [centaur/arrow (5)]
  9496 | D:7      | Found a sacrificial altar of Ru.
  9664 | D:7      | Reached skill level 7 in Spellcasting
 10012 | D:7      | Reached skill level 8 in Spellcasting
 10308 | D:7      | chequers: are you playing two games at once?!
 10311 | D:7      | Learned a level 2 spell: Blink
 10313 | D:7      | Learned a level 1 spell: Apportation
 10313 | D:7      | Sixotanaka: nah
 10424 | D:7      | Sixotanaka: Fiveotanaka is my friend :P
 10567 | D:8      | Sixotanaka: zzxc, fiveo and myself
 10567 | D:8      | Sixotanaka: all got really into crawl around the same time
 10662 | D:8      | Found a staircase to the Lair.
 10663 | D:8      | Noticed a fire drake
 10756 | D:5      | SGrunt: *leer*
 10756 | D:5      | Sixotanaka: hi Grunt
 10756 | D:5      | SGrunt: o/
 10756 | D:5      | Sixotanaka: thanks for all your hard work :)
 10756 | D:5      | chequers: ah :)
 10756 | D:5      | chequers: is grunt an aussie??
 10756 | D:5      | SGrunt: (I'm mainly here to gawk at webtiles-changes properly)
 10756 | D:5      | SGrunt: I am not.
 10756 | D:5      | SGrunt: I am a Canuck.
 10756 | D:5      | Sixotanaka: i thanked Gammafunk and he told me to thank you :P
 10886 | D:3      | chequers: this is a lot of patches ahead of webtiles-changes, but visuals are the same
 10887 | D:3      | SGrunt: ...I have nothing to do with this server or webtiles changes or anything, so I'm not sure what I'm being thanked for!
 10887 | D:3      | Sixotanaka: hehe :P
 10887 | D:3      | Sixotanaka: I've been playing crawl for 3 years on/off, i'm sure you've done something!
 10910 | D:3      | Fiveotanaka: im listening to the canucks atm!
 10929 | D:3      | Sixotanaka: Fiveo is big into hockey
 11075 | D:3      | Sixotanaka: anyway, I think Crawl is a really, really damn good game, and you deserve thanks for having any part of it
 11245 | D:3      | chequers: ^
 11275 | D:2      | Killed Sigmund
 11275 | D:2      | Reached skill level 7 in Fire Magic
 11301 | D:2      | Sixotanaka: rly no veh
 11301 | D:2      | Sixotanaka: damn
 11466 | D:7      | Sixotanaka: also just one little thing, please, the net bug :(
 12089 | D:8      | Learned a level 3 spell: Stone Arrow
 12096 | D:8      | Killed a fire drake
 12096 | D:8      | Reached skill level 8 in Fire Magic
 12096 | D:8      | Reached XP level 10. HP: 31/50 MP: 19/29
 12203 | D:8      | Found a bloodstained altar of Trog.
 12203 | D:8      | Found a basalt altar of Yredelemnul.
 12233 | D:8      | Found a burning altar of Makhleb.
 12323 | D:9      | Sixotanaka: so chequers, zzxc was going to talk to you about the server going down. It's cool and all but we're a but curious
 12323 | D:9      | Sixotanaka: is it the new webtiles changes crashing?
 12462 | D:9      | SGrunt: hm I closed my window somewhere along the line
 12462 | D:9      | SGrunt: rip
 12462 | D:9      | Sixotanaka: hehe
 12462 | D:9      | Sixotanaka: yeah thsi is unfortunate
 12478 | D:8      | SGrunt: BEEEEEEEEEEEEEEEEEEEEEEEEEEES
 12494 | D:8      | Sixotanaka: speaking of those
 12494 | D:8      | Sixotanaka: who's idea was the damn acid wasps
 12592 | D:8      | SGrunt: Lasty
 12592 | D:8      | SGrunt: and they've
 12592 | D:8      | SGrunt: gone to the birds
 12592 | D:8      | Sixotanaka: i random tped into the middle of 4 of them and lost 160 hp in one turn
 12681 | D:8      | Sixotanaka: after tping away from a swarm of them
 12873 | D:9      | Found a shattered altar of Ashenzari.
 12960 | D:9      | Fiveotanaka: we just need the ancient wasp-liches of acidfire in the game and the winrate will go down to normal levels :P
 12969 | D:9      | Paralysed by a yellow wasp for 3 turns
 12975 | D:9      | Reached skill level 9 in Fire Magic
 12976 | D:9      | Sixotanaka: zzxc's config has some weird hotkey choices lol
 13132 | D:9      | Sixotanaka: umm, was there a change to sacrificing with Oka in trunk? I really need to start reading the notes
 13312 | D:9      | Found a deep blue altar of Sif Muna.
 13317 | D:9      | Sixotanaka: finally, veh must be here too
 13362 | D:9      | Found a white marble altar of Elyvilon.
 13363 | D:9      | Found an iron altar of Okawaru.
 13373 | D:9      | Found a blossoming altar of Fedhas.
 13374 | D:9      | Found a radiant altar of Vehumet.
 13378 | D:9      | Became a worshipper of Vehumet
 13435 | D:9      | Found a shimmering altar of Xom.
 13495 | Lair:1   | Entered Level 1 of the Lair of Beasts
 13716 | Lair:1   | Reached skill level 10 in Fire Magic
 14190 | Lair:1   | Noticed Nergalle
 14218 | Lair:1   | chequers: crashing? when?
 14226 | Lair:1   | Sixotanaka: the server went down a few times a few days ago
 14237 | Lair:1   | HP: 10/50 [spectral orc knight/great sword[Nergalle] (7)]
 14268 | Lair:1   | chequers: oh yes, that seemed to be oom
 14279 | Lair:1   | Sixotanaka: didn't expect him to summon a knight that could haste haha
 14279 | Lair:1   | Reached skill level 11 in Fire Magic
 14280 | Lair:1   | chequers: if you notice it ever again, hop on irc and poke me when it does, at least i can check logs
 14280 | Lair:1   | Sixotanaka: yep sure, zzxc was going to each time but you haven't been around
 14280 | Lair:1   | chequers: i didn't have good monitoring set up until then, so the cause is a bit unknown
 14280 | Lair:1   | Sixotanaka: if you like I can ask him for times
 14280 | Lair:1   | Sixotanaka: he might know
 14280 | Lair:1   | chequers: nah, just from now on
 14280 | Lair:1   | Sixotanaka: yep sure, i'll write down times
 14328 | Lair:1   | chequers: if youpoke me on irc, the timestamp on my client will record it :)
 14353 | Lair:1   | Sixotanaka: ah awesome
 14453 | Lair:1   | chequers: there's a webchat link on the frontpage
 14454 | Lair:1   | chequers: anyway, back to paid work
 14454 | Lair:1   | Sixotanaka: yep i noticed
 14454 | Lair:1   | Sixotanaka: okay, have fun ;)
 14663 | Lair:1   | Sixotanaka: ddoor lol
 14678 | Lair:1   | Killed Nergalle
 15332 | Lair:2   | Found a white marble altar of Elyvilon.
 15377 | Lair:2   | Reached skill level 12 in Fire Magic
 15466 | Lair:2   | Acquired Vehumet's first power
 15466 | Lair:2   | Offered knowledge of Magic Dart by Vehumet.
 15494 | Lair:2   | HP: 7/50 [yak (9)]
 15504 | Lair:2   | HP: 3/50 [yak (6)]
 15960 | Lair:2   | Noticed Harold
 15964 | Lair:2   | Killed Harold
 15964 | Lair:2   | Reached XP level 11. HP: 54/54 MP: 9/31
 16136 | Lair:2   | Reached skill level 13 in Conjurations
 17306 | Lair:3   | Found a staircase to the Snake Pit.
 17361 | Lair:3   | Noticed a four-headed hydra
 17365 | Lair:3   | Killed a four-headed hydra
 17415 | Lair:3   | Reached skill level 14 in Conjurations
 17658 | Lair:3   | Offered knowledge of Sting by Vehumet.
 18228 | Lair:3   | Learned a level 2 spell: Repel Missiles
 18275 | Lair:3   | Reached skill level 15 in Conjurations
 18319 | Lair:3   | Noticed Snorg
 18454 | Lair:3   | Killed Snorg
 19204 | Lair:3   | Reached XP level 12. HP: 28/59 MP: 15/32
 19789 | Lair:4   | Reached skill level 16 in Conjurations
 19808 | Lair:4   | HP: 13/59 [blink frog (2)]
 20163 | Lair:4   | Got a twisted cloak
 20175 | Lair:4   | Identified the +3 cloak "Untox" {rC+} (You found it on level 4 of the Lair of Beasts)
 20263 | Lair:4   | Noticed a five-headed hydra
 20647 | Lair:4   | Offered knowledge of Dazzling Spray by Vehumet.
 20857 | Lair:4   | Killed a five-headed hydra
 21486 | Lair:5   | Reached skill level 17 in Conjurations
 21632 | Lair:5   | Reached skill level 3 in Dodging
 21634 | Lair:5   | Reached skill level 4 in Dodging
 21815 | Lair:5   | Noticed an eight-headed hydra
 21820 | Lair:5   | Killed an eight-headed hydra
 21820 | Lair:5   | Reached skill level 5 in Dodging
 21965 | Lair:5   | Reached skill level 6 in Dodging
 22034 | Lair:5   | Found a staircase to the Swamp.
 22149 | Lair:5   | Noticed a seven-headed hydra
 22152 | Lair:5   | Killed a seven-headed hydra
 22152 | Lair:5   | Acquired Vehumet's second power
 22352 | Lair:5   | Reached skill level 7 in Dodging
 22845 | Lair:6   | Noticed a seven-headed hydra
 22849 | Lair:6   | Killed a seven-headed hydra
 22849 | Lair:6   | Reached skill level 8 in Dodging
 23246 | Lair:7   | Reached skill level 9 in Dodging
 23274 | Lair:7   | Noticed a six-headed hydra
 23279 | Lair:7   | Killed a six-headed hydra
 23279 | Lair:7   | Reached skill level 3 in Charms
 23489 | Lair:7   | Found a staircase to the Slime Pits.
 23713 | Lair:7   | Reached skill level 4 in Charms
 23714 | Lair:7   | Reached XP level 13. HP: 63/63 MP: 15/32
 23748 | Lair:7   | Reached skill level 5 in Charms
 23768 | Lair:6   | Reached skill level 6 in Charms
 23875 | Lair:6   | Fiveotanaka: are you lagging too or is it just me?
 23875 | Lair:6   | Sixotanaka: nah
 23875 | Lair:6   | Sixotanaka: not algging
 23892 | Lair:7   | Sixotanaka: o
 23892 | Lair:7   | Sixotanaka: lagging now
 24047 | Lair:7   | Offered knowledge of Fulminant Prism by Vehumet.
 24173 | Lair:7   | Reached skill level 7 in Charms
 24181 | Lair:7   | Learned a level 6 spell: Haste
 24281 | Lair:6   | Reached skill level 8 in Charms
 24837 | Lair:6   | Reached skill level 9 in Charms
 25074 | Lair:7   | Reached skill level 10 in Charms
 25120 | Lair:7   | Fiveotanaka: woah wtf
 25120 | Lair:7   | Fiveotanaka: yak captain d9
 25120 | Lair:7   | Sixotanaka: ye
 25629 | Lair:7   | Reached skill level 10 in Dodging
 25995 | Lair:7   | Fiveotanaka: alrighty, i think i might actually be going somewhere this game finally
 25996 | Lair:7   | Sixotanaka: :D
 26003 | Lair:7   | Acquired Vehumet's third power
 26003 | Lair:7   | Reached skill level 9 in Spellcasting
 26134 | Lair:7   | Offered knowledge of Lee's Rapid Deconstruction by Vehumet.
 26287 | Lair:7   | Reached skill level 10 in Spellcasting
 26304 | Lair:7   | Fiveotanaka: +8 mace better than a morningstar?
 26317 | Lair:7   | Sixotanaka: check
 26519 | Lair:7   | Fiveotanaka: i guess it feels better
 26520 | Lair:7   | Got a pair of dazzling boots
 26531 | Lair:7   | Identified the cursed -5 pair of boots of Biadue {Str+2 Int-2} (You found it on level 7 of the Lair of Beasts)
 26843 | Lair:8   | Entered Level 8 of the Lair of Beasts
 26859 | Lair:8   | Reached skill level 11 in Spellcasting
 27513 | Lair:7   | Reached skill level 12 in Spellcasting
 27957 | Lair:8   | Fiveotanaka: weee, nice ring
 27960 | Lair:8   | Sixotanaka: nice
 27966 | Lair:8   | Fiveotanaka: 3 resists and ev = yum
 27989 | Lair:8   | Offered knowledge of Ignite Poison by Vehumet.
 28238 | Lair:8   | Reached XP level 14. HP: 68/68 MP: 16/37
 28240 | Lair:8   | Reached skill level 13 in Spellcasting
 29356 | Lair:6   | Reached skill level 14 in Spellcasting
 30337 | Lair:8   | Learned a level 3 spell: Regeneration
 31458 | Lair:8   | Reached skill level 18 in Conjurations
 32237 | D:10     | Entered Level 10 of the Dungeon
 32468 | D:10     | Noticed chequers' ghost (powerful TrMo)
 32624 | D:10     | Noticed Erica
 33090 | D:11     | Found a blossoming altar of Fedhas.
 33090 | D:11     | Noticed chequers' ghost (powerful DrFi)
 34426 | D:11     | Killed chequers' ghost
 34637 | D:11     | Reached skill level 19 in Conjurations
 35075 | D:12     | Found Udwestruz's Food Shoppe.
 36071 | D:12     | Killed Erica
 36071 | D:12     | Offered knowledge of Delayed Fireball by Vehumet.
 36074 | D:12     | Found a glowing silver altar of Zin.
 36807 | D:13     | Reached XP level 15. HP: 64/72 MP: 10/38
 37953 | D:13     | Found Kleoc's Antique Weapon Shoppe.
 38616 | D:13     | Reached skill level 13 in Fire Magic
 38644 | D:13     | Reached skill level 15 in Spellcasting
 38733 | D:14     | Noticed Fannar
 38735 | D:14     | Killed Fannar
 38867 | D:14     | Learned a level 7 spell: Delayed Fireball
 38962 | D:14     | HP: 11/72 [cyan ugly thing (14)]
 39099 | D:13     | HP: 13/72 [cyan ugly thing (15)]
 39461 | D:14     | Gained mutation: Your spells are a little harder to cast, but a little more powerful. [potion of beneficial mutation]
 39462 | D:14     | Gained mutation: You can spit poison. [potion of beneficial mutation]
 39469 | D:14     | Offered knowledge of Poison Arrow by Vehumet.
 39472 | D:14     | Noticed Maud
 39479 | D:14     | Paralysed by Maud for 6 turns
 39643 | D:14     | Paralysed by Maud for 4 turns
 39654 | D:14     | Killed Maud
 39893 | D:14     | Noticed Rupert
 39944 | D:15     | Entered Level 15 of the Dungeon
 40344 | D:14     | HP: 15/72 [orc warrior/war axe (22)]
 40366 | D:14     | HP: 10/72 [orc warrior/war axe (9)]
 40382 | D:14     | Mangled by an orc warrior

Vanquished Creatures
  Maud (D:14)
  Snorg (Lair:3)
  Fannar (D:14)
  Harold (Lair:2)
  The ghost of chequers the Basher, a powerful DrFi of Qazlal (D:11)
  6 centaur warriors
  Erica (D:12)
  9 hydras
  11 death yaks
  A tengu warrior (D:15)
  Nergalle (Lair:1)
  An unseen horror (D:12)
  2 hill giants
  A wizard (D:15)
  10 ugly things
  A cyclops (D:13)
  An oklob plant (Lair:7)
  A griffon (Lair:6)
  2 manticores
  12 elephants
  A centaur zombie (D:11)
  22 spiny frogs
  2 molten gargoyles (Lair:7)
  4 black mambas
  A gargoyle (D:11)
  A guardian serpent (shapeshifter) (D:14)
  15 komodo dragons
  A kobold demonologist (D:13)
  An efreet (D:15)
  3 trolls
  A tengu conjurer (D:15)
  3 fire drakes
  3 two-headed ogres
  A giant leech (Lair:8)
  A boulder beetle (Lair:7)
  27 blink frogs
  3 ravens (D:15)
  10 slime creatures
  A shadow (D:13)
  4 redbacks (Lair:7)
  A trapdoor spider (Lair:7)
  3 wyverns
  2 basilisks
  3 deep elf magi
  A griffon skeleton (D:10)
  2 wraiths (D:14)
  70 yaks
  6 hippogriffs
  2 hungry ghosts
  A steam dragon (D:13)
  15 vampire mosquitoes
  5 nagas (Lair:3)
  6 water moccasins
  12 wolves
  A mottled dragon (D:12)
  A soldier ant (D:13)
  11 porcupines
  2 orc warriors (D:6)
  2 ice beasts
  A yellow wasp (D:9)
  13 centaurs
  2 eyes of draining
  2 black bears
  6 necrophages
  3 phantoms
  8 sky beasts
  9 ogres
  A boring beetle (Lair:7)
  15 crocodiles
  Sigmund (D:2)
  2 brain worms
  2 gnoll sergeants
  26 giant frogs
  3 big kobolds
  A komodo dragon skeleton (D:11)
  A wyvern skeleton (D:6)
  12 wights
  4 scorpions
  3 electric eels
  11 crimson imps
  32 killer bees
  A giant frog zombie (D:11)
  5 lava snakes (Lair:7)
  4 gnoll shamans (D:4)
  2 goliath beetles
  A black bear zombie (D:8)
  11 hounds
  Crazy Yiuf (D:4)
  5 jellies
  4 orc priests
  6 orc wizards
  8 worker ants
  13 iguanas
  11 sheep
  A mottled dragon zombie (D:9)
  An ogre zombie (D:6)
  A mummy (D:11)
  45 gnolls
  24 green rats
  4 shadow imps
  25 adders
  A giant mite (D:2)
  2 worms
  An orc zombie (D:8)
  An iguana skeleton (D:7)
  4 giant geckos
  4 oozes
  34 orcs
  13 bats
  A bat skeleton (D:6)
  7 giant cockroaches
  18 hobgoblins
  23 jackals
  9 quokkas
  5 ball pythons
  3 giant newts
  9 goblins
  A hobgoblin skeleton (D:6)
  A jackal skeleton (D:6)
  22 kobolds
  A kobold zombie (D:7)
  An orc skeleton (D:8)
  14 rats
  2 bushes (D:11)
  A butterfly (Lair:7)
  3 fungi
  6 plants
834 creatures vanquished.

Vanquished Creatures (others)
  2 fire vortices (Lair:5)
  A killer bee (D:7)
  22 fungi
  35 plants
60 creatures vanquished.

Grand Total: 894 creatures vanquished
